 Dungeon Crawl Stone Soup version 0.29-a0-80-g3050e97935 (webtiles) character file.

Game seed: 13865662027759648741

4007 Grim the Jinx (level 10, -1/44 HPs)
             Began as a Spriggan Enchanter on Feb 4, 2022.
             Was a Follower of Sif Muna.
             Slain by Harold (17 damage)
             ... on level 8 of the Dungeon.
             The game lasted 00:26:05 (13148 turns).

Grim the Jinx (Spriggan Enchanter)                 Turns: 13148, Time: 00:26:05

Health: -1/44      AC:  6    Str:  6    XL:     10   Next: 3%
Magic:  2/15       EV: 21    Int: 20    God:    Sif Muna [*.....]
Gold:   272        SH:  0    Dex: 15    Spells: 4/14 levels left

rFire   . . .      SeeInvis +   E - +2 dagger (venom)
rCold   . . .      Faith    .   (no shield)
rNeg    . . .      Spirit   .   b - +0 robe
rPois   .          Reflect  .   (helmet restricted)
rElec   .          Harm     .   (no cloak)
rCorr   .          Rampage  .   (gloves unavailable)
Will    +....                   (boots unavailable)
Stlth   +++++.....              (no amulet)
HPRegen 0.14/turn               l - +4 ring of protection
MPRegen 0.14/turn               q - +4 ring of slaying

@: confusing by touch, very quick
A: very small, no large weapons, unfitting armour, see invisible, speed 3
a: Renounce Religion, Channel Magic


You were on level 8 of the Dungeon.
You worshipped Sif Muna.
Sif Muna was aware of your devotion.
You visited 2 branches of the dungeon, and saw 9 of its levels.

You collected 272 gold pieces.

Inventory:

Hand Weapons
 a - a +1 dagger
 o - a +3 rapier
 E - a +2 dagger of venom (weapon)
Missiles
 h - 2 atropa-tipped darts (quivered)
 s - 13 poisoned darts
 t - 5 boomerangs
Armour
 b - a +0 robe (worn)
Jewellery
 l - a +4 ring of protection (left hand)
 q - a +4 ring of slaying (right hand)
 B - a ring of ice
Wands
 p - a wand of acid (10)
 u - a wand of iceblast (18)
 F - a wand of flame (45)
 I - a wand of mindburst (17)
Scrolls
 g - 5 scrolls of teleportation {unknown}
 i - 3 scrolls of enchant weapon {unknown}
 n - 2 scrolls of fear {unknown}
 v - 3 scrolls of vulnerability {unknown}
 w - 3 scrolls of blinking {unknown}
 x - 6 scrolls of identify {unknown}
 y - a scroll of magic mapping {unknown}
 C - a scroll of amnesia {unknown}
 G - a scroll of holy word {unknown}
 H - a scroll of torment {unknown}
Potions
 c - a potion of invisibility
 d - a potion of brilliance {unknown}
 e - a potion of berserk rage {unknown}
 f - 3 potions of ambrosia {unknown}
 j - a potion of magic {unknown}
 k - 4 potions of curing
 m - a potion of flight {unknown}
 r - a potion of lignification {unknown}
 z - a potion of haste {unknown}
 A - a potion of might {unknown}
 D - a potion of heal wounds {unknown}


   Skills:
 - Level 4.1 Short Blades
 + Level 7.6 Dodging
 + Level 12.3 Stealth
 - Level 2.6 Spellcasting
 * Level 12.6 Hexes
 - Level 1.7 Ice Magic


You had 4 spell levels left.
You knew the following spells:

 Your Spells              Type           Power      Damage    Failure   Level
a - Ensorcelled Hibernat  Hex/Ice        62%        N/A       1%          2
b - Confusing Touch       Hex            52%        N/A       1%          3
c - Tukima's Dance        Hex            52%        N/A       1%          3
d - Blink                 Tloc           4%         N/A       22%         2

Your spell library contained the following spells:

 Spells                   Type           Power      Damage    Failure   Level
 Dazzling Flash           Conj/Hex       54%        N/A       3%          3
 Sting                    Tmut/Pois      8%         1d3       14%         1
 Corpse Rot               Necr/Air       4%         N/A       22%         2
 Poisonous Vapours        Pois/Air       4%         N/A       22%         2
 Frozen Ramparts          Ice            18%        1d3       22%         3
 Lesser Beckoning         Tloc           2%         N/A       41%         3
 Ice Form                 Ice/Tmut       6%         N/A       71%         4
 Summon Ice Beast         Ice/Summ       6%         N/A       71%         4
 Dispel Undead            Necr           2%         3d7       82%         4
 Olgreb's Toxic Radiance  Pois           2%         N/A       82%         4
 Manifold Assault         Tloc           2%         N/A       99%         5
 Death Channel            Necr           1%         N/A       100%        6


Dungeon Overview and Level Annotations

Branches:
Dungeon (8/15)             Temple (1/1) D:6
   Lair: D:8-11

Altars:
Ashenzari
Dithmenos
Elyvilon
Fedhas
Gozag
Hepliaklqana
Kikubaaqudgha
Makhleb
Nemelex Xobeh
Okawaru
Qazlal
Ru
Sif Muna
Trog
Uskayaw
Wu Jian
Xom
Yredelemnul
Zin
The Shining One

Shops:
D:3 [   D:6 (

Annotations:
D:8 Harold


Innate Abilities, Weirdness & Mutations

You are very small and have problems with some larger weapons.
You are too small for most types of armour.
You have supernaturally acute eyesight. (SInv)
You cover ground extremely quickly. (Speed+++)


Message History

Casting: Confusing Touch (safe; 1% risk of failure)
Confirm with . or Enter, or press ? or * to list all spells.
Aiming: Tukima's Dance (safe; 1% risk of failure)
Press: ? - help, Shift-Dir - straight line, f - Harold
Aim: Harold, wielding a +0 halberd, wearing a +1 chain mail of fire resistance and quivering 4 throwing nets (chance to affect: 37%) Harold resists with some effort.
Harold fires a harpoon shot at you. The harpoon shot hits you!
You are yanked forward by the harpoon shot.
Casting: Tukima's Dance (safe; 1% risk of failure)
Confirm with . or Enter, or press ? or * to list all spells.
Aiming: Tukima's Dance (safe; 1% risk of failure)
Press: ? - help, Shift-Dir - straight line, f/p - Harold
Aim: Harold, wielding a +0 halberd, wearing a +1 chain mail of fire resistance and quivering 4 throwing nets (chance to affect: 37%)
The +0 halberd dances into the air!
Harold hits you!
* * * LOW HITPOINT WARNING * * *
Unknown command.
Casting: Tukima's Dance (safe; 1% risk of failure)
Confirm with . or Enter, or press ? or * to list all spells.
Aiming: Ensorcelled Hibernation (safe; 1% risk of failure)
Press: ? - help, Shift-Dir - straight line, f/p - Harold
Aim: Harold, wearing a +1 chain mail of fire resistance and quivering 4 throwing nets (ally target, chance to affect: 26%) Harold resists with almost no effort.
Harold misses you.
Casting: Ensorcelled Hibernation (safe; 1% risk of failure)
Confirm with . or Enter, or press ? or * to list all spells.
Aiming: Ensorcelled Hibernation (safe; 1% risk of failure)
Press: ? - help, Shift-Dir - straight line, f/p - Harold
Aim: Harold, wearing a +1 chain mail of fire resistance and quivering 4 throwing nets (ally target, chance to affect: 26%) Harold resists with almost no effort.
Your +0 halberd hits Harold from afar!
Harold hits you!
* * * LOW HITPOINT WARNING * * *
Casting: Ensorcelled Hibernation (safe; 1% risk of failure)
Confirm with . or Enter, or press ? or * to list all spells.
Your hands begin to glow red.
Harold hits you but does no damage.
Your +0 halberd hits Harold from afar!
You barely miss Harold.
Harold is moderately wounded.
Harold says, "This is so exciting!
What a great way to end my career!"
Harold hits you!
You die...

#.#####......# ####
#....<#....[.# ...#
#######......# ...#
#....####.##.# ...#
#....####.##.# ...#
#..........#.#
...#####
#..........#.######
.......#
#..........#......#
.......#
#...@#####....###.#
...###.# #...@#
##...# #.# #.## #.#
#....# #...# #.#
#.# #.#
#...(#######..###.#
#.# #.#
#######......>....#
#.## #.#
#####.###########
...# #.# #.....#
#.##
#.########.###.#
#.#
#..............#


You could see Harold (ally target) and a friendly +0 halberd.

Vanquished Creatures
  Pikel (D:7)
  A gargoyle (D:7)
  2 wyverns (D:8)
  A steam dragon (D:7)
  A water moccasin (D:7)
  Duvessa (D:4)
  3 sky beasts
  4 ice beasts
  2 necrophages
  2 ogres
  2 lemures (D:7)
  A phantom (D:7)
  A kobold brigand (D:8)
  A bullfrog (D:8)
  A gnoll sergeant (D:6)
  A water moccasin zombie (D:5)
  A wyvern skeleton (D:6)
  Dowan (D:4)
  A howler monkey (D:7)
  3 wights (D:7)
  A centaur zombie (D:7)
  A bullfrog zombie (D:5)
  3 hounds
  4 orc priests
  A jelly (D:4)
  3 iguanas
  4 orc wizards (D:6)
  Robin (D:4)
  A howler monkey skeleton (D:6)
  9 adders
  9 gnolls
  A shadow imp (D:6)
  3 dart slugs
  31 orcs
  A bat (D:3)
  4 endoplasms
  5 giant cockroaches
  16 goblins
  6 hobgoblins
  2 jackals (D:4)
  3 quokkas
  5 ball pythons
  5 frilled lizards
  12 kobolds
  3 rats
165 creatures vanquished.

Vanquished Creatures (collateral kills)
  2 ogres
  An orc priest (D:3)
  A gnoll shaman (D:5)
  5 gnolls
  5 orcs
14 creatures vanquished.

Vanquished Creatures (others)
  A dancing weapon (D:5)
1 creature vanquished.

Grand Total: 180 creatures vanquished

Notes
Turn   | Place    | Note
-------+----------+-------------------------------------------
     0 | D:1      | Grim the Spriggan Enchanter began the quest for the Orb.
     0 | D:1      | Reached XP level 1. HP: 9/9 MP: 5/5
   426 | D:1      | Reached XP level 2. HP: 3/13 MP: 6/6
   697 | D:1      | Learned a level 2 spell: Ensorcelled Hibernation
  1698 | D:2      | Found an ancient bone altar of Kikubaaqudgha.
  1802 | D:2      | Reached XP level 3. HP: 15/16 MP: 2/8
  2068 | D:2      | Reached skill level 1 in Ice Magic
  2105 | D:2      | Learned a level 3 spell: Confusing Touch
  2497 | D:2      | Reached XP level 4. HP: 21/21 MP: 5/9
  3073 | D:2      | Learned a level 3 spell: Tukima's Dance
  3124 | D:1      | Reached skill level 5 in Stealth
  3294 | D:2      | Reached skill level 5 in Hexes
  3624 | D:3      | Reached XP level 5. HP: 23/24 MP: 6/10
  4448 | D:3      | Noticed an ogre
  4458 | D:3      | Killed an ogre
  4459 | D:3      | Reached XP level 6. HP: 28/28 MP: 7/11
  4925 | D:3      | Found Senkask's Armour Emporium.
  5055 | D:3      | Found a basalt altar of Yredelemnul.
  5236 | D:3      | Found a shadowy altar of Dithmenos.
  5236 | D:3      | Found a bloodstained altar of Trog.
  5280 | D:3      | Found a white marble altar of Elyvilon.
  5591 | D:4      | Noticed Dowan
  5724 | D:4      | Noticed Duvessa
  5735 | D:4      | Killed Duvessa
  5736 | D:4      | Reached XP level 7. HP: 28/32 MP: 4/12
  5744 | D:4      | Killed Dowan
  6442 | D:4      | Noticed Robin
  6716 | D:4      | Killed Robin
  7519 | D:5      | Entered Level 5 of the Dungeon
  7610 | D:5      | Reached XP level 8. HP: 36/36 MP: 9/13
  9305 | D:6      | Reached skill level 10 in Stealth
  9428 | D:6      | Found a staircase to the Ecumenical Temple.
  9441 | Temple   | Entered the Ecumenical Temple
  9511 | Temple   | Became a worshipper of Sif Muna the Loreminder
  9600 | D:6      | Found Edial's Weapon Shop.
  9605 | D:6      | Reached skill level 10 in Hexes
  9610 | D:6      | Reached skill level 5 in Dodging
  9761 | D:6      | Reached XP level 9. HP: 39/39 MP: 8/14
 10188 | D:6      | Found a broken altar of Ashenzari.
 11089 | D:7      | Noticed a gargoyle
 11096 | D:7      | Killed a gargoyle
 11096 | D:7      | Reached * piety under Sif Muna
 11111 | D:7      | Noticed Pikel
 11586 | D:7      | Killed Pikel
 12545 | D:8      | Found a sacrificial altar of Ru.
 12844 | D:8      | Reached XP level 10. HP: 44/44 MP: 10/15
 12979 | D:8      | Learned a level 2 spell: Blink
 13141 | D:8      | Noticed Harold
 13148 | D:8      | Slain by Harold

Illustrated notes

Levels and vault maps discovered:
D:1:      minmay_arrival_four_circles, layout_loops_ring
D:2:      layout_basic, basic_altar, minmay_small_reverse_x
D:3:      layout_basic, kennysheep_ying_yang,
          gammafunk_temple_overflow_elements, serial_shops, shop
D:4:      layout_layer_cave, st_stairs_9, uniq_duvessa, uniq_robin
D:5:      layout_cave_pools
D:6:      layout_loops_ring, nicolae_ashenzari_skybound,
          minmay_temple_entry_waves, serial_shops, nicolae_diamond_shop
D:7:      nicolae_cairo_tiling_large_dashed, layout_basic, uniq_pikel
D:8:      layout_basic, mainiacjoe_overflow_cross_hatched, uniq_harold,
          uniq_psyche
Temple:   eino_temple_lava

Skill      XL: |  1  2  3  4  5  6  7  8  9 |
---------------+----------------------------+-----
Hexes          | 4 5 6 7 8 10 12 | 12.6
Short Blades   | 2 3 4 |  4.1
Ice Magic      | 1 |  1.7
Stealth        | 5 6 7 9 10 12 | 12.3
Dodging        | 5 7 |  7.6
Spellcasting   | |  2.6

Action                   |  1- 3 |  4- 6 |  7- 9 | 10-12 || total
-------------------------+-------+-------+-------+-------++-------
Melee: Dagger            |    92 |    87 |   260 |    14 ||   453
       Punch             |     1 |       |     6 |     1 ||     8
 Cast: Ensorcelled Hiber |    23 |    39 |    57 |     5 ||   124
       Confusing Touch   |     1 |     7 |    31 |     2 ||    41
       Tukima's Dance    |       |     7 |    24 |     2 ||    33
  Use: Potion            |     1 |       |       |       ||     1
 Stab: Sleeping          |    22 |    23 |    47 |     2 ||    94
       Confused          |     1 |     4 |    19 |     1 ||    25
       Distracted        |       |       |     1 |       ||     1
Armor: Robe              |     7 |     9 |    46 |     2 ||    64
Dodge: Dodged            |    69 |    62 |   213 |     5 ||   349

Table legend: (Time is in decaauts)
 A = Elapsed time spent in this place.
 B = Non-inter-level travel time spent in this place.
 C = Inter-level travel time spent in this place.
 D = Time resting spent in this place.
 E = Time spent auto-exploring this place.
 F = Levels seen in this place.
 G = Mean time per level.
                   A        B        C        D        E       F      G
               +--------+--------+--------+--------+--------+-----+--------+
         Total |  10868 |  10713 |    155 |   5933 |   3013 |   9 | 1207.6 |
       Dungeon |  10819 |  10669 |    150 |   5933 |   2989 |   8 | 1352.4 |
        Temple |     48 |     44 |      4 |      0 |     24 |   1 |   48.0 |
               +--------+--------+--------+--------+--------+-----+--------+

Top non-repeatable levels by time:
     D:4: 1955 daAuts
     D:1: 1724 daAuts
     D:2: 1513 daAuts
     D:3: 1505 daAuts
     D:7: 1329 daAuts
     D:6: 1239 daAuts
     D:5: 1073 daAuts
     D:8: 477 daAuts
  Temple: 48 daAuts
